Map: Frost LE

Players

cage - Winner!

  • Race: Terran Terran
  • League: Platinum

blackxored

  • Race: Zerg Zerg
  • League: Diamond

VOD

Have the link to the VOD?

Description

Time

  • Played on: July 1, 2016, 10:57 p.m.
  • Length: 6:13
Show
View Real Time Build Order
Export as new Build Order

cage Terran - Winner!

Build Orders:  

Get SALT Encoding   

  12  0:01  SCV  
  13  0:13  SCV  
  14  0:25  SCV  
  15  0:30  Supply Depot  
  15  0:34  Refinery  
  15  0:51  SCV  
  15  0:52  Barracks  
  16  1:03  SCV  
  17  1:16  SCV  
  18  1:22  Barracks  
  18  1:23  Barracks  
  18  1:51  Supply Depot  
  18  1:56  SCV  
  18  1:59  Barracks Reactor  
  19  2:08  SCV  
  20  2:16  Barracks Reactor  
  20  2:20  Orbital Command  
  20  2:25  Supply Depot  
  20  2:27  Barracks Reactor  
  20  2:36  Marine x2  
  21  2:52  Supply Depot  
  21  2:53  Marine x3  
  21  2:54  Marine  
  25  3:04  Marine x2  
  27  3:11  Marine x3  
  27  3:12  Marine  
  31  3:15  Supply Depot  
  31  3:22  Marine x2  
  33  3:29  Marine x4  
  37  3:40  Supply Depot, Marine x2  
  39  3:46  Marine  
  39  3:48  Marine x3  
  43  3:57  Marine  
  43  3:58  Marine  
  45  4:04  Supply Depot, Marine  
  45  4:06  Marine x2  
  45  4:07  Marine  
  49  4:15  Marine  
  49  4:16  Marine  
  51  4:22  Marine  
  51  4:23  Marine  
  53  4:24  Marine  
  54  4:32  Marine  
  54  4:33  Marine x2  
  57  4:40  Marine  
  58  4:53  Marine  
  58  4:55  Marine  
  58  4:56  Marine x3  
  58  4:58  Marine  
  64  5:10  Marine  
  64  5:13  Marine  
  64  5:14  Marine x2  
  61  5:16  Marine  
  61  5:17  Marine  
  54  5:28  Marine  
  54  5:31  Marine x3  
  54  5:34  Marine  
  54  5:35  Marine  
  58  5:46  Marine  
  58  5:49  Marine x3  
  62  5:52  Marine x2  
Show
View Real Time Build Order
Export as new Build Order

blackxored Zerg 

Build Orders: Hatch First 

Get SALT Encoding   

  12  0:01  Drone  
  13  0:08  Drone  
  14  0:18  Overlord  
  14  0:22  Extractor  
  14  0:24  Drone  
  15  0:37  Drone x2  
  17  0:54  Hatchery  
  16  0:57  Drone  
  16  1:00  Drone  
  18  1:11  Extractor  
  17  1:15  Spawning Pool  
  17  1:18  Drone  
  17  1:21  Drone  
  18  1:28  Drone  
  19  1:39  Overlord  
  19  1:49  Drone  
  20  2:02  Queen  
  20  2:04  Zergling x2  
  20  2:06  Zergling x2, Queen  
  26  2:11  Zergling x2  
  27  2:28  Hatchery  
  26  2:31  Metabolic Boost  
  26  2:46  Overlord  
  26  2:47  Drone x2  
  26  2:48  Drone  
  29  2:57  Drone x2  
  31  3:02  Pneumatized Carapace  
  31  3:15  Queen  
  31  3:19  Drone x3  
  36  3:24  Overlord  
  36  3:34  Overlord  
  36  3:41  Drone  
  36  3:42  Roach Warren  
  35  4:04  Drone  
  35  4:05  Extractor, Drone x2  
  35  4:06  Drone  
  38  4:11  Queen  
  38  4:12  Queen  
  42  4:27  Spine Crawler  
  42  4:29  Roach x6  
  53  4:37  Roach x2  
  57  4:38  Overlord  
  55  4:53  Roach  
  57  5:00  Roach x2  
  57  5:02  Overlord  
  51  5:16  Roach x2  
  47  5:22  Roach x4  
  44  5:31  Roach  
  44  5:35  Roach  
  42  5:40  Spine Crawler  
  42  5:41  Roach  
  37  5:48  Overlord  
Tags
 
Add a new tag
Caveats
  • Supply blocks, unpowered buildings, or Contaminate may cause inaccurate times.
  • Supply counts are checked every 10 seconds.